 Dungeon Crawl Stone Soup version 0.27-a0-1456-gf5a116941d (webtiles) character file.

Game seed: 2830686447619358255

48 Sobieck the Conjurer (level 3, -7/25 HPs)
             Began as a Gnoll Conjurer on July 5, 2021.
             Mangled by Sigmund (11 damage)
             ... on level 2 of the Dungeon.
             The game lasted 00:02:08 (1377 turns).

Sobieck the Conjurer (Gnoll Conjurer)               Turns: 1377, Time: 00:02:08

Health: -7/25      AC:  3    Str:  6    XL:     3   Next: 72%
Magic:  4/9        EV: 13    Int: 18    God:
Gold:   42         SH:  0    Dex: 10    Spells: 9/12 levels left

rFire    . . .     SeeInvis .   b - +0 whip {mace}
rCold    . . .     Faith    .   (no shield)
rNeg     . . .     Spirit   .   a - +0 robe
rPois    .         Reflect  .   (no helmet)
rElec    .         Harm     .   (no cloak)
rCorr    .         Rampage  .   e - +0 pair of gloves
Will     .....                  (no boots)
Stlth    ++........             (no amulet)
HPRegen  0.08/turn              (no ring)
MPRegen  0.11/turn              (no ring)

@: lethally poisoned (-7 -> -22)
A: fangs 1, strong nose, distributed training
a: no special abilities


You were on level 2 of the Dungeon.
You visited 1 branch of the dungeon, and saw 4 of its levels.

You collected 42 gold pieces.


Innate Abilities, Weirdness & Mutations

You have very sharp teeth.
Your uncanny sense of smell can sniff out nearby items.
Your experience applies equally to all skills.


   Skills:
 + Level 0.9 Fighting
 + Level 0.9 Short Blades
 + Level 0.9 Long Blades
 + Level 0.9 Axes
 + Level 0.9 Maces & Flails
 + Level 0.9 Polearms
 + Level 0.9 Staves
 + Level 0.9 Slings
 + Level 0.9 Bows
 + Level 0.9 Crossbows
 + Level 0.9 Throwing
 + Level 0.9 Armour
 + Level 4.5 Dodging
 + Level 4.2 Stealth
 + Level 0.9 Shields
 + Level 0.9 Unarmed Combat
 + Level 5.0 Spellcasting
 + Level 7.1 Conjurations
 + Level 0.6 Hexes
 + Level 0.6 Summonings
 + Level 0.6 Necromancy
 + Level 0.6 Translocations
 + Level 0.6 Transmutations
 + Level 0.6 Fire Magic
 + Level 0.6 Ice Magic
 + Level 0.6 Air Magic
 + Level 0.6 Earth Magic
 + Level 0.6 Poison Magic
 + Level 1.0 Invocations
 + Level 0.9 Evocations


You had 9 spell levels left.
You knew the following spells:

 Your Spells              Type           Power      Damage    Failure   Level
a - Magic Dart            Conj           100%       1d8       1%          1
b - Searing Ray           Conj           60%        3d5       1%          2

Your spell library contained the following spells:

 Spells                   Type           Power      Damage    Failure   Level
 Static Discharge         Conj/Air       18%        N/A       4%          2
 Dazzling Flash           Conj/Hex       36%        N/A       9%          3
 Slow                     Hex            6%         N/A       16%         2
 Fulminant Prism          Conj/Hex       9%         3d7       26%         4
 Iskenderun's Mystic Bla  Conj/Tloc      18%        2d6       26%         4
 Sticky Flame             Conj/Fire      18%        2d4       26%         4
 Confusing Touch          Hex            6%         N/A       30%         3
 Gell's Gravitas          Tloc           3%         N/A       30%         3
 Lesser Beckoning         Tloc           3%         N/A       30%         3
 Teleport Other           Tloc           6%         N/A       30%         3
 Vampiric Draining        Necr           3%         2d6       30%         3
 Dispel Undead            Necr           6%         3d8       71%         4

Inventory:

Hand Weapons
 b - a +0 whip (weapon) {mace}
   (You took it off a kobold on level 1 of the Dungeon)
Missiles
 f - 12 sling bullets
Armour
 a - a +0 robe (worn)
 e - a +0 pair of gloves (worn)
   (You found it on level 1 of the Dungeon)
Scrolls
 c - 3 scrolls of teleportation {unknown}
Potions
 d - 2 potions of mutation {!q}
 g - a potion of cancellation {unknown}

Dungeon Overview and Level Annotations

Branches:
Dungeon (4/15)
 Temple: D:4-7

Altars:

Annotations:
D:2 Sigmund

####### ############.....# .#.
#.{.@.....##.#.###
.....########.####.......#.#
#..?........#.#)#.###.#.#
....####.{...##)..##.###.#.######
. +.....#[.#..#.....#......#
#.....##)..##.##########.#
+.....#.#)#...# #.)
#.......####.## ###
#............# #


There were no monsters in sight!


Message History

The magic dart hits the hound skeleton. 😎 MP[-1]
You lost 1 mp, and now have 6/9 mp.
The magic dart hits the hound skeleton.
The hound skeleton misses you. 😎 MP[-1]
You lost 1 mp, and now have 5/9 mp.
You hit the hound skeleton.
You destroy the hound skeleton!
Your Invocations skill increases to level 1!
No target in view!
f - 12 sling bullets You pick up a book of Touch and begin reading...
You add the spells Static Discharge, Sticky Flame and Dispel Undead to your library. 😎 MP[+4]
Your mp is fully restored (9).
You can't see any susceptible monsters within range! (Use Z to cast anyway.)
You can't see any susceptible monsters within range! (Use Z to cast anyway.)
A goblin and a hobgoblin come into view.
You see here a +0 short sword {short}.
The magic dart hits the goblin!
You kill the goblin! 😎 MP[-1]
You lost 1 mp, and now have 8/9 mp.
You hit the hobgoblin. The hobgoblin hits you. 😕 HP[-1]
You take 1 damage, and now have 24/25 hp.
You barely miss the hobgoblin. The hobgoblin barely misses you.
You hit the hobgoblin.
You kill the hobgoblin!
No target in view!
A rat comes into view. 😎 HP[+1] MP[+1]
Your hp is fully restored (25).
Your mp is fully restored (9).
The magic dart hits the rat but does no damage. 😎 MP[-1]
You lost 1 mp, and now have 8/9 mp.
The magic dart hits the rat.
You kill the rat! 😎 MP[-1]
You lost 1 mp, and now have 7/9 mp.
A goblin comes into view. It is wielding a +0 dagger.
You see here a book of Debilitation. 😎 MP[+2]
Your mp is fully restored (9).
The magic dart hits the goblin!
You kill the goblin! 😎 MP[-1]
You lost 1 mp, and now have 8/9 mp.
You pick up a book of Debilitation and begin reading...
You add the spells Slow, Vampiric Draining and Confusing Touch to your library. 😎 MP[+1]
Your mp is fully restored (9).
You now have 38 gold pieces (gained 13).
You see here a +0 dagger {short}.
You now have 42 gold pieces (gained 4).
You see here a +0 dagger {short}.
g - a glowing inky potion Sigmund the Dreaded comes into view.
He is wielding a +3 scythe of venom.
The magic dart hits Sigmund.
Sigmund shouts!
Sigmund mumbles some strange words.
Sigmund flickers and vanishes!
Deactivating autopickup; reactivate with Ctrl-A. 😎 MP[-1]
You lost 1 mp, and now have 8/9 mp.
Unknown command.
You can't see any susceptible monsters within range! (Use Z to cast anyway.) Unknown command. 😎 MP[+1]
Your mp is fully restored (9).
Casting: Magic Dart (safe; 1% risk of failure)
Confirm with . or Enter, or press ? or * to list all spells.
Okay, then.
Unknown command.
Casting: Magic Dart (safe; 1% risk of failure)
Confirm with . or Enter, or press ? or * to list all spells.
Aiming: Searing Ray (safe; 1% risk of failure)
Press: ? - help, Shift-Dir - straight line (Press . to maintain the ray.) 😎 MP[-2]
You lost 2 mp, and now have 7/9 mp.
Something hits you!
You are lethally poisoned! 😮 HP[-12] MP[-1]
You take 12 damage, and now have 13/25 hp.
MASSIVE DAMAGE!! (PAUSE)
You lost 1 mp, and now have 6/9 mp.
The searing ray hits something!
* * * LOW HITPOINT WARNING * * *
You feel very sick.
Something barely misses you. 😨 HP[-5] MP[-1]
You take 5 damage, and now have 8/25 hp.
You lost 1 mp, and now have 5/9 mp.
Unknown command.
You finish channeling your searing ray.
* * * LOW HITPOINT WARNING * * *
You feel very sick. Something hits you!
You die...

Skill      XL: |  1  2  3 |
---------------+----------+-----
Spellcasting   | 5 |  5.0
Invocations    | 1 |  1.0
Fighting       | |  0.9
Short Blades   | |  0.9
Long Blades    | |  0.9
Axes           | |  0.9
Maces & Flails | |  0.9
Polearms       | |  0.9
Staves         | |  0.9
Slings         | |  0.9
Bows           | |  0.9
Crossbows      | |  0.9
Throwing       | |  0.9
Armour         | |  0.9
Dodging        | |  4.5
Stealth        | |  4.2
Shields        | |  0.9
Unarmed Combat | |  0.9
Conjurations   | |  7.1
Hexes          | |  0.6
Summonings     | |  0.6
Necromancy     | |  0.6
Translocations | |  0.6
Transmutations | |  0.6
Fire Magic     | |  0.6
Ice Magic      | |  0.6
Air Magic      | |  0.6
Earth Magic    | |  0.6
Poison Magic   | |  0.6
Evocations     | |  0.9

Action                   || total
-------------------------++-------
Melee: Whip              ||    16
 Cast: Magic Dart        ||    46
       Searing Ray       ||     1
  Use: Scroll            ||     1
Armor: Robe              ||     1
Dodge: Dodged            ||    12

Levels and vault maps discovered:
D:1:      tarquinn_simple_flora_water_a, layout_basic, serial_forest,
          infiniplex_forest_clump_long, infiniplex_forest_corner_1,
          infiniplex_forest_corner_1, infiniplex_forest_lined_room_3,
          infiniplex_forest_clump_medium, infiniplex_forest_clump_small,
          infiniplex_forest_lined_3, infiniplex_forest_straight_4,
          infiniplex_forest_lined_3
D:2:      layout_basic, basic_altar,
          hellmonk_ecumenical_altar_pennies_from_heaven, st_stairs_10,
          minmay_hexomino_f4, uniq_sigmund
D:3:      layout_rooms, serial_shops, shop
D:4:      layout_cave_pools, minmay_temple_entry_statues_fountains,
          serial_shops, shop_statue

Notes
Turn   | Place    | Note
-------+----------+-------------------------------------------
     0 | D:1      | Sobieck the Gnoll Conjurer began the quest for the Orb.
     0 | D:1      | Reached XP level 1. HP: 13/13 MP: 6/6
     0 | D:1      | magus.rc [v1.9.6]
   247 | D:1      | You pick up a book of Displacement and begin reading...
   247 | D:1      | You add the spells Lesser Beckoning, Gell's Gravitas and
                  | Teleport Other to your library.
   290 | D:1      | Reached XP level 2. HP: 19/19 MP: 4/7
   559 | D:1      | Learned a level 2 spell: Searing Ray
   946 | D:1      | Reached XP level 3. HP: 25/25 MP: 5/9
   948 | D:1      | Reached skill level 5 in Spellcasting
  1255 | D:2      | Reached skill level 1 in Invocations
  1293 | D:2      | You pick up a book of Touch and begin reading...
  1293 | D:2      | You add the spells Static Discharge, Sticky Flame and
                  | Dispel Undead to your library.
  1333 | D:2      | You pick up a book of Debilitation and begin reading...
  1333 | D:2      | You add the spells Slow, Vampiric Draining and Confusing
                  | Touch to your library.
  1359 | D:2      | Noticed Sigmund
  1377 | D:2      | HP: 4/25 [poisoned by Sigmund]
  1377 | D:2      | Mangled by Sigmund

Vanquished Creatures
  A hound skeleton (D:2)
  3 ball pythons
  2 endoplasms (D:1)
  A giant cockroach (D:1)
  4 goblins
  A hobgoblin (D:2)
  8 jackals (D:1)
  3 kobolds
  A quokka (D:1)
  3 bats
  4 rats
31 creatures vanquished.

Table legend:
 A = Non-vault XP
 B = Vault XP
 C = Vault XP percentage of total XP
 D = Non-vault monster count
 E = Vault monster count
 F = Vault count percentage of total count
                 A         B        C        D         E       F
            +---------+---------+-------+---------+---------+-------
      Total |      61 |       8 |  11.6 |      27 |       4 |  12.9
            +---------+---------+-------+---------+---------+-------
        D:1 |      34 |       0 |   0.0 |      19 |       0 |   0.0
        D:2 |      27 |       8 |  22.9 |       8 |       4 |  33.3
            +---------+---------+-------+---------+---------+-------

Illustrated notes

Table legend:
 A = Kills in this place as a percentage of kills in entire the game.
 B = Kills by you in this place as a percentage of kills by you in the entire game.
 C = Kills by friends in this place as a percentage of kills by friends in the entire game.
 D = Other kills in this place as a percentage of other kills in the entire game.
 E = Experience gained in this place as a percentage of experience gained in the entire game.
 F = Experience gained in this place divided by the number of levels of this place that you have seen.
                   A       B       C       D       E      F
               +-------+-------+-------+-------+-------+----------------------
         Total | 100.0 | 100.0 |   N/A |   N/A | 100.0 |  17.2
       Dungeon | 100.0 | 100.0 |   N/A |   N/A | 100.0 |  17.2
               +-------+-------+-------+-------+-------+----------------------

Table legend: (Time is in decaauts)
 A = Elapsed time spent in this place.
 B = Non-inter-level travel time spent in this place.
 C = Inter-level travel time spent in this place.
 D = Time resting spent in this place.
 E = Time spent auto-exploring this place.
 F = Levels seen in this place.
 G = Mean time per level.
                   A        B        C        D        E       F      G
               +--------+--------+--------+--------+--------+-----+--------+
         Total |   1380 |   1314 |     66 |      0 |   1178 |   4 |  345.0 |
       Dungeon |   1380 |   1314 |     66 |      0 |   1178 |   4 |  345.0 |
               +--------+--------+--------+--------+--------+-----+--------+

Top non-repeatable levels by time:
     D:1: 1059 daAuts
     D:2: 311 daAuts
     D:3: 6 daAuts
     D:4: 2 daAuts
